 Dungeon Crawl Stone Soup version 0.18.1-5-g4a78601 (webtiles) character file.

221 Mefis the Magician (level 5, -3/28 HPs)
             Began as a Deep Elf Wizard on May 12, 2016.
             Killed from afar by Natasha (11 damage)
             ... with a magic dart
             ... on level 3 of the Dungeon.
             The game lasted 00:05:36 (3032 turns).

Mefis the Magician (Deep Elf Wizard)                Turns: 3032, Time: 00:05:37

Health: -3/28      AC:  3    Str:  4    XL:     5   Next: 65%
Magic:  1/15       EV: 13    Int: 24    God:
Gold:   142        SH:  0    Dex: 13    Spells: 6 memorised, 2 levels left

rFire  . . .     SeeInvis .     g - +0 dagger
rCold  . . .     Gourm    .     a - +0 robe
rNeg   . . .     Faith    .     (no shield)
rPois  .         Spirit   .     u - +0 helmet
rElec  .         Dismiss  .     (no cloak)
rCorr  .         Reflect  .     (no gloves)
SustAt .         Harm     .     (no boots)
MR     .....                    (no amulet)
Stlth  ++........               (no ring)
                                (no ring)

@: lethally poisoned (-3 -> -6), not resistant to hostile enchantments,
unstealthy
A: no striking features
a: no special abilities


You were on level 3 of the Dungeon.
You were not hungry.

You visited 1 branch of the dungeon, and saw 3 of its levels.

You collected 142 gold pieces.

Inventory:

Hand Weapons
 g - a +0 dagger (weapon)
Missiles
 w - 3 tomahawks of returning (quivered)
Armour
 a - a +0 robe (worn)
 b - a +0 hat
 u - a +0 helmet (worn)
Jewellery
 k - an uncursed ring of resist corrosion {unknown}
 s - an uncursed ring of ice {unknown}
Scrolls
 f - a scroll of immolation {unknown}
 h - a scroll of teleportation {unknown}
 i - 2 scrolls of identify {unknown}
 j - a scroll of fog {unknown}
 t - 2 scrolls of fear {unknown}
 v - 2 scrolls of random uselessness {unknown}
Potions
 e - 2 potions of curing {unknown}
 l - a potion of heal wounds {unknown}
 m - 2 potions of flight {unknown}
 o - 2 potions of agility {unknown}
 r - 2 potions of ambrosia {unknown}
 x - a potion of berserk rage {unknown}
Books
 c - a book of Minor Magic

   Spells                             Type                      Level
   a - Magic Dart                     Conjuration                  1
   b - Blink                          Translocation                2
   c - Call Imp                       Summoning                    2
   d - Repel Missiles                 Charms/Air                   2
   e - Slow                           Hexes                        2
   f - Conjure Flame                  Conjuration/Fire             3
   g - Mephitic Cloud                 Conjuration/Poison/Air       3
Comestibles
 d - 4 bread rations
 n - 2 beef jerkies
 p - a meat ration
 q - a slice of pizza
 z - 2 chunks of flesh


   Skills:
 + Level 3.4 Dodging
 + Level 4.0 Stealth
 + Level 5.5 Spellcasting
 * Level 3.4 Conjurations
 + Level 2.0 Summonings
 - Level 1.1 Translocations
 + Level 1.3 Poison Magic


You had 2 spell levels left.
You knew the following spells:

 Your Spells              Type           Power        Failure   Level  Hunger
a - Magic Dart            Conj           ###.         1%          1    None
b - Call Imp              Summ           ###.....     8%          2    None
c - Blink                 Tloc           N/A          12%         2    None
d - Repel Missiles        Chrm/Air       #.....       14%         2    None
e - Mephitic Cloud        Conj/Pois/Air  ##......     17%         3    #......
f - Conjure Flame         Conj/Fire      ###.....     14%         3    #......


Dungeon Overview and Level Annotations

Branches:
Dungeon (3/15)

Altars:
Nemelex Xobeh

Annotations:
D:3 Natasha


Message History

Natasha is severely wounded.
A goblin comes into view.
You feel sick.
An adder comes into view.
You hit Natasha.
Natasha is severely wounded.
The goblin hits you with a club.
You closely miss the goblin. The adder barely misses you.
The goblin hits you with a club.
You feel sick.
Natasha barely misses the adder.
The adder bites you. Natasha claws you.
* * * LOW HITPOINT WARNING * * *
Natasha seems less confused.
You feel sick.
An orc comes into view. It is wielding a club.
The adder closely misses you. Natasha casts a spell at you.
The magic dart hits you!
You die...

#.######..#.#..[###)##
#....#...###.########## # #.
#.#...................#
#.#.##.#..#.#.###.#####.##.#
.#.#...#...#.#......##.##.#
..[...#...#.#.#.##.##.....
##.....##..#.#....#....#...
...#......#.#.......##.##.
..#####o#####S@#.#.#####.#.⌠.#.
#..........g.h)#.#.......##.##.
#..........g.....########..#.[#
#.............#..# ##..[##
.....##.#######..# ##### .....
#.# #..# .... ### #####.## ...
#...#>.# ... ##..##.#


You could see Natasha, an adder and 2 goblins.

Vanquished Creatures
  A crimson imp (D:3)
  2 orc wizards (D:3)
  Natasha (D:3)
  4 adders
  An ooze (D:3)
  2 dart slugs (D:1)
  A giant gecko (D:1)
  6 orcs (D:3)
  3 giant cockroaches
  5 goblins (D:1)
  3 hobgoblins
  2 jackals (D:1)
  5 kobolds
  A ball python (D:3)
  9 bats
  4 giant newts
  6 rats
56 creatures vanquished.

Vanquished Creatures (collateral kills)
  2 worms (D:3)
2 creatures vanquished.

Grand Total: 58 creatures vanquished

Notes
Turn   | Place    | Note
--------------------------------------------------------------
     0 | D:1      | Mefis the Deep Elf Wizard began the quest for the Orb.
     0 | D:1      | Reached XP level 1. HP: 10/10 MP: 7/7
   306 | D:1      | Reached XP level 2. HP: 12/15 MP: 6/9
   820 | D:1      | Reached skill level 5 in Spellcasting
   996 | D:1      | Reached XP level 3. HP: 19/19 MP: 6/11
  1852 | D:2      | Reached XP level 4. HP: 24/24 MP: 5/13
  1863 | D:2      | Learned a level 2 spell: Call Imp
  1866 | D:2      | Learned a level 2 spell: Blink
  1869 | D:2      | Learned a level 2 spell: Repel Missiles
  1873 | D:2      | Learned a level 3 spell: Mephitic Cloud
  1877 | D:2      | Learned a level 3 spell: Conjure Flame
  2300 | D:3      | Noticed Natasha
  2306 | D:3      | Killed Natasha
  2458 | D:3      | Reached XP level 5. HP: 18/28 MP: 0/14
  2555 | D:3      | Found a sparkling altar of Nemelex Xobeh.
  2837 | D:3      | Reached skill level 1 in Poison Magic
  3005 | D:3      | Noticed Natasha
  3032 | D:3      | Killed from afar by Natasha

Skill      XL: |  1  2  3  4  5 |
---------------+----------------+-----
Spellcasting   | 5 |  5.5
Stealth        | 3 4 |  4.0
Conjurations   | 2 3 |  3.4
Dodging        | 3 |  3.4
Summonings     | 2 |  2.0
Poison Magic   | 1 |  1.3
Translocations | |  1.1

Action                   |  1- 3 |  4- 6 || total
-------------------------+-------+-------++-------
Melee: Dagger            |     1 |    14 ||    15
 Cast: Magic Dart        |    80 |    63 ||   143
       Mephitic Cloud    |       |     6 ||     6
       Call Imp          |       |     2 ||     2
 Stab: Sleeping          |     1 |       ||     1
       Confused          |       |     2 ||     2
  Eat: Chunk             |     2 |     4 ||     6
Armor: Robe              |     2 |       ||     2
Dodge: Dodged            |     6 |    18 ||    24
